 Dungeon Crawl Stone Soup version 0.31-a0-227-ga22c3bf811 (webtiles) character file.

Game seed: 5343347626932895764

114 BritishOli the Trooper (level 4, -4/37 HPs)
             Began as a Demonspawn Fighter on July 6, 2023.
             Slain by Terence
             ... wielding a +0 morningstar of protection
              (9 damage)
             ... on level 3 of the Dungeon.
             The game lasted 00:01:58 (1663 turns).

BritishOli the Trooper (Demonspawn Fighter)         Turns: 1663, Time: 00:01:58

Health: -4/37      AC:  8    Str: 18    XL:     4   Next: 67%
Magic:  4/4        EV:  9    Int: 10    God:
Gold:   95         SH:  4    Dex: 12    Spells: 3/3 levels left

rFire   . . .        a - +0 long sword
rCold   . . .        c - +0 buckler
rNeg    . . .        b - +0 scale mail
rPois   .            (no helmet)
rElec   .            (no cloak)
rCorr   .            (no gloves)
SInv    .            (no boots)
Will    .....        (no amulet) Stlth
                     (no ring)
HPRegen 0.26/turn    (no ring)
MPRegen 0.09/turn

%: no passive effects
@: no status effects
A: yellow scales 1, powered by pain 1
a: no special abilities


You were on level 3 of the Dungeon.
You visited 1 branch of the dungeon, and saw 3 of its levels.

You collected 95 gold pieces.

Inventory:

Hand Weapons
 a - a +0 long sword (weapon)
Armour
 b - a +0 scale mail (worn)
 c - a +0 buckler (worn)
Jewellery
 n - a +6 ring of intelligence
Wands
 r - a wand of mindburst (12)
Scrolls
 e - a scroll of teleportation {unknown}
 g - 2 scrolls of vulnerability {unknown}
 h - 3 scrolls of identify {unknown}
 i - a scroll of enchant weapon {unknown}
 j - a scroll of blinking {unknown}
 l - a scroll of revelation {unknown}
 o - a scroll of enchant armour {unknown}
Potions
 d - a potion of might
 f - a potion of invisibility {unknown}
 k - 2 potions of enlightenment {unknown}
 m - a potion of magic {unknown}
 p - a potion of mutation {unknown}
 q - a potion of heal wounds {unknown}


   Skills:
 + Level 3.8 Fighting
 + Level 2.6 Long Blades
 + Level 3.4 Armour
 + Level 3.3 Shields


You had 3 spell levels left.
You didn't know any spells.
Your spell library contained the following spells:

 Spells                   Type           Power      Damage    Failure   Level
 Scorch                   Fire           0%         2d5       92%         2
 Flame Wave               Conj/Fire      0%         2d4       100%        4
 Summon Cactus Giant      Summ           0%         N/A       100%        6


Dungeon Overview and Level Annotations

Branches:
Dungeon (3/15)

Altars:

Annotations:
D:3 Terence


Innate Abilities, Weirdness & Mutations

You are partially covered in yellow scales. (AC +2)
You sometimes gain a little power by taking damage.


Message History

You hit Terence but do no damage. You block Terence's attack.
You hit Terence but do no damage.
Terence hits you with a +0 morningstar of protection.
You completely miss Terence. You block Terence's attack.
You hit Terence but do no damage. Terence closely misses you.
Terence barely misses you.
You hit Terence.
Terence is lightly wounded.
Terence screams, "I'm going to kill you!"
Terence closely misses you.
You hit Terence but do no damage.
Terence is lightly wounded.
Terence hits you with a +0 morningstar of protection.
You hit Terence but do no damage.
Terence is lightly wounded.
Terence barely misses you. You block Terence's attack.
You completely miss Terence.
Terence is lightly wounded.
Terence looks scornfully at you. Terence barely misses you.
You hit Terence but do no damage.
Terence is lightly wounded.
Terence closely misses you.
You hit Terence but do no damage.
Terence is lightly wounded.
Terence barely misses you.
You hit Terence.
Terence is moderately wounded.
Terence hits you but does no damage. You block Terence's attack.
You hit Terence but do no damage.
Terence is moderately wounded.
Terence hits you but does no damage.
You hit Terence.
Terence is heavily wounded.
Terence hits you with a +0 morningstar of protection!
* * * LOW HITPOINT WARNING * * *
You barely miss Terence.
Terence is heavily wounded.
Terence hits you with a +0 morningstar of protection!
You die...

#..##.# #.# ....... ....#.#
##.# ......# #...#.# #..##
###.....##
##....######...####........#
............................
####†..#####.#.#..?.........
##..# #..[...###........
####..####..###@# ##.......
#......†....# #@# #...#..
#....†...#..# #..# #### .
#..(.....#.## ##...
######..#..## ###.. #......#
... ##......# ## ##.......#
##..#.....# #..###.####


You could see Terence.

Vanquished Creatures
  3 adders (D:2)
  A worm (D:2)
  5 dart slugs
  3 endoplasms
  4 giant cockroaches
  5 goblins
  4 hobgoblins
  13 jackals
  3 quokkas
  4 ball pythons
  9 bats
  4 frilled lizards
  5 kobolds
  7 rats
70 creatures vanquished.

Notes
Turn   | Place    | Note
-------+----------+-------------------------------------------
     0 | D:1      | BritishOli the Demonspawn Fighter began the quest for the
                  | Orb.
     0 | D:1      | Reached XP level 1. HP: 18/18 MP: 1/1
   270 | D:1      | Gained mutation: You are partially covered in yellow
                  | scales. (AC +2) [demonic ancestry]
   270 | D:1      | Reached XP level 2. HP: 14/24 MP: 2/2
   559 | D:1      | Reached XP level 3. HP: 21/29 MP: 3/3
   992 | D:2      | Gained mutation: You sometimes gain a little power by
                  | taking damage. [demonic ancestry]
   992 | D:2      | Reached XP level 4. HP: 36/36 MP: 4/4
  1618 | D:3      | Noticed Terence
  1663 | D:3      | Slain by Terence

Illustrated notes

Levels and vault maps discovered:
D:1:      beargit_arrival_diablo_church, layout_basic, grunt_decor_arrowhead,
          minmay_strange_pillars
D:2:      layout_rooms, hex_intersection
D:3:      layout_rooms, uniq_terence

Skill      XL: |  1  2 |
---------------+-------+-----
Long Blades    | 2 |  2.6
Shields        | 3 |  3.3
Armour         | 3 |  3.4
Fighting       | |  3.8

Action                     |  1- 3 |  4- 6 || total
---------------------------+-------+-------++-------
  Melee: Long sword        |   195 |   121 ||   316
 Armour: Scale mail        |   180 |    86 ||   266
  Dodge: Dodged            |   158 |    83 ||   241
  Block: Buckler           |    69 |    40 ||   109

Table legend: (Time is in decaauts)
 A = Elapsed time spent in this place.
 B = Non-inter-level travel time spent in this place.
 C = Inter-level travel time spent in this place.
 D = Time resting spent in this place.
 E = Time spent auto-exploring this place.
 F = Levels seen in this place.
 G = Mean time per level.
                   A        B        C        D        E       F      G
               +--------+--------+--------+--------+--------+-----+--------+
         Total |   1763 |   1736 |     27 |     65 |   1070 |   3 |  587.7 |
       Dungeon |   1763 |   1736 |     27 |     65 |   1070 |   3 |  587.7 |
               +--------+--------+--------+--------+--------+-----+--------+

Top non-repeatable levels by time:
     D:1: 789 daAuts
     D:2: 676 daAuts
     D:3: 297 daAuts
